 Dungeon Crawl Stone Soup version 0.24-a0-179-g7a2c91a (console) character file.

Game seed: 13252496367481645979

2541 Duffy the Insei (level 9, -4/55 HPs)
             Began as an Octopode Transmuter on Mar 13, 2019.
             Was an Initiate of Gozag.
             Engulfed by a steam dragon's steam (9 damage)
             ... on level 7 of the Dungeon.
             The game lasted 00:11:23 (10841 turns).

Duffy the Insei (Octopode Transmuter)              Turns: 10841, Time: 00:11:23

Health: -4/55      AC:  2    Str:  9    XL:     9   Next: 55%
Magic:  17/18      EV: 24    Int: 18    God:    Gozag
Gold:   694        SH:  4    Dex: 18    Spells: 11/21 levels left

rFire    . . .     SeeInvis .     - Unarmed
rCold    . . .     Gourm    .   (shield currently unavailable)
rNeg     . . .     Faith    .   (helmet currently unavailable)
rPois    .         Spirit   .   s - +4 amulet of reflection
rElec    .         Reflect  +   w - ring of poison resistance
rCorr    .         Harm     .   y - ring of wizardry
MR       .....                  (no ring)
Stlth    ++........             (no ring)
HPRegen  0.18/turn              (no ring)
MPRegen  0.16/turn              (no ring)
                                (no ring)
                                (no ring)

@: spider-form (expiring), drained
A: tiny, almost no armour, stealthy swim, (amphibious), 8 rings, (constrict 8)
a: End Transformation, Potion Petition, Call Merchant, Bribe Branch, Renounce
Religion


You were on level 7 of the Dungeon.
You worshipped Gozag.
Gozag was pleased with you.
You were not hungry.
You were a venomous arachnid creature.
You visited 2 branches of the dungeon, and saw 8 of its levels.

You collected 849 gold pieces.
You paid 155 gold pieces to Gozag.

Inventory:

Missiles
 a - 87 arrows
Jewellery
 s - a +4 amulet of reflection (around neck)
 w - a ring of poison resistance (left front leg)
 y - a ring of wizardry (right front leg)
Wands
 q - a wand of random effects (10)
 r - a wand of polymorph (15)
 t - a wand of iceblast (5)
 v - a wand of clouds (3)
 z - a wand of scattershot (5)
Scrolls
 b - 5 scrolls of remove curse
 d - 2 scrolls of enchant armour {unknown}
 e - a scroll of blinking {unknown}
 f - a scroll of fog {unknown}
 g - 2 scrolls of immolation
 h - a scroll of enchant weapon {unknown}
 l - 4 scrolls of magic mapping
 n - a scroll of teleportation {unknown}
 o - 2 scrolls of fear {unknown}
Potions
 i - 2 potions of curing
 j - 4 potions of flight
 k - 2 potions of might {unknown}
 m - a potion of heal wounds {unknown}
 p - a potion of magic {unknown}
 u - a potion of degeneration {unknown}
 x - a potion of mutation {unknown}
Comestibles
 c - 10 rations


   Skills:
 + Level 2.3(1.7) Fighting
 - Level 5.8(5.2) Dodging
 - Level 7.1(6.4) Unarmed Combat
 + Level 6.5(5.9) Spellcasting
 + Level 4.1(3.5) Transmutations
 + Level 2.5(2.0) Ice Magic
 - Level 3.0(2.4) Poison Magic
 + Level 2.1(1.5) Evocations


You had 11 spell levels left.
You knew the following spells:

 Your Spells              Type           Power        Failure   Level  Hunger
h - Spider Form           Tmut/Pois      ###.......   11%         3    ##.....
j - Sticks to Snakes      Tmut           ###.....     5%          2    None
k - Beastly Appendage     Tmut           ###...       4%          1    None
l - Ice Form              Ice/Tmut       ###.....     28%         4    ####...

Your spell library contained the following spells:

 Spells                   Type           Power        Failure   Level  Hunger
 Confusing Touch          Hex            #.....       12%         1    None
 Confuse                  Hex            #.......     28%         3    ##.....
 Gell's Gravitas          Tloc           #.........   28%         3    ##.....
 Petrify                  Tmut/Erth      ##......     38%         4    ####...
 Blade Hands              Tmut           ###.......   45%         5    #####..
 Yara's Violent Unravell  Hex/Tmut       ##........   67%         5    #####..
 Metabolic Englaciation   Hex/Ice        #.........   77%         5    #####..


Dungeon Overview and Level Annotations

Branches:
Dungeon (7/15)             Temple (1/1) D:6

Altars:
Ashenzari
Cheibriados
Dithmenos
Elyvilon
Fedhas
Gozag
Hepliaklqana
Kikubaaqudgha
Makhleb
Nemelex Xobeh
Okawaru
Qazlal
Ru
Sif Muna
Trog
Uskayaw
Vehumet
Wu Jian
Yredelemnul
Zin
The Shining One

Shops:
D:4 :

Annotations:
D:6 exclusions: gargoyle and 1 more exclusion


Innate Abilities, Weirdness & Mutations

You cannot wear most types of armour.
You are very stealthy in the water. (Stealth+)
((You are amphibious.))
You can wear up to eight rings at the same time.
((You can use your tentacles to constrict eight enemies at once.))
((Your skin changes colour to match your surroundings (Stealth+).))
((Your rubbery body absorbs attacks. (AC +1, EV +1)))


Message History

You are too injured to fight recklessly!
You are too injured to fight recklessly!
Your transformation is almost over.
The steam dragon misses you. The steam dragon completely misses you.
You barely miss the steam dragon.
The steam dragon is heavily wounded.
The steam dragon closely misses you. The steam dragon misses you.
You barely miss the steam dragon.
The steam dragon is heavily wounded.
You hit the steam dragon.
The steam dragon looks as sick as possible!
The steam dragon is severely wounded.
The steam dragon breathes steam at you. The ball of steam hits you!!
You hit the steam dragon.
The steam dragon looks as sick as possible!
The steam dragon is almost dead.
You are engulfed in a cloud of scalding steam.
You die...
Your body crumbles into a pile of gold.

#...## #..# #.. #...#
# ##...###
#...#####.# ##..## #
##....# #.....#..##
##..## # ##...#
##.........#####...#
# #...#
##.............#...##
# #..##
##.............#...##
# ##..#
#.......0.....#...##
#..##
##......0.....#...##
##..#
#......s.....#...##
##..##
#.....D.........##
##..##
#..............##
##..##
#.........##.$##
#..## ........#######
..## .......## .##
.....## ## ...## .#
...


You could see a steam dragon.

Vanquished Creatures
  Edmund (D:6)
  A water moccasin (D:7)
  An orc warrior (D:7)
  2 phantoms
  A black bear (D:6)
  An ogre (D:7)
  A centaur (D:6)
  9 wights
  3 howler monkeys
  3 crimson imps
  2 centaur zombies
  A gnoll shaman (D:6)
  2 orc priests (D:7)
  3 hounds (D:5)
  2 orc wizards
  3 iguanas
  Jessica (D:3)
  Natasha (thrice) (D:2)
  Terence (D:2)
  5 worker ants
  A howler monkey zombie (D:6)
  9 adders
  34 gnolls
  2 shadow imps
  2 oozes
  An adder skeleton (D:5)
  6 dart slugs
  4 worms
  2 leopard geckos
  13 orcs
  6 giant cockroaches
  10 hobgoblins
  15 jackals
  2 quokkas
  4 bats
  6 frilled lizards
  6 goblins
  A jackal zombie (D:5)
  11 kobolds
  4 rats
185 creatures vanquished.

Notes
Turn   | Place    | Note
-------+----------+-------------------------------------------
     0 | D:1      | Duffy the Octopode Transmuter began the quest for the Orb.
     0 | D:1      | Reached XP level 1. HP: 13/13 MP: 3/3
    51 | D:1      | Reached XP level 2. HP: 15/18 MP: 5/5
   263 | D:1      | Reached XP level 3. HP: 12/23 MP: 6/6
   282 | D:1      | Learned a level 2 spell: Sticks to Snakes
   286 | D:1      | Learned a level 3 spell: Spider Form
  1085 | D:2      | Noticed Terence
  1107 | D:2      | Killed Terence
  1107 | D:2      | Reached skill level 1 in Poison Magic
  1107 | D:2      | Reached XP level 4. HP: 11/28 MP: 0/8
  1696 | D:2      | Noticed Natasha
  1705 | D:2      | Noticed a phantom
  1706 | D:2      | Killed Natasha
  1706 | D:2      | Reached XP level 5. HP: 33/33 MP: 6/9
  1725 | D:2      | Noticed Natasha
  1744 | D:2      | Killed Natasha
  1744 | D:2      | Reached skill level 4 in Unarmed Combat
  2022 | D:2      | Noticed Natasha
  2033 | D:2      | Killed Natasha
  2179 | D:2      | Found a sparkling altar of Nemelex Xobeh.
  2322 | D:2      | Killed a phantom
  2322 | D:2      | Reached XP level 6. HP: 23/38 MP: 9/11
  2467 | D:2      | Learned a level 4 spell: Ice Form
  2824 | D:2      | Found a snail-covered altar of Cheibriados.
  3102 | D:3      | Found a glowing golden altar of the Shining One.
  3926 | D:3      | Noticed Jessica
  3929 | D:3      | Killed Jessica
  4587 | D:4      | Reached XP level 7. HP: 32/43 MP: 9/13
  4719 | D:4      | Found a stormy altar of Qazlal.
  4719 | D:4      | Found a blossoming altar of Fedhas.
  4723 | D:4      | Reached skill level 5 in Unarmed Combat
  5010 | D:4      | Found Vumesic's Book Shop.
  5227 | D:4      | Found a radiant altar of Vehumet.
  5345 | D:5      | Entered Level 5 of the Dungeon
  5917 | D:5      | Reached XP level 8. HP: 42/48 MP: 13/15
  6072 | D:5      | Reached skill level 5 in Spellcasting
  6393 | D:5      | Reached skill level 6 in Unarmed Combat
  6506 | D:6      | Found a staircase to the Ecumenical Temple.
  6524 | Temple   | Entered the Ecumenical Temple
  6627 | D:6      | Noticed Edmund
  6654 | D:6      | Killed Edmund
  6820 | D:6      | Noticed a gargoyle
  6838 | D:6      | Reached skill level 5 in Dodging
  7451 | Temple   | Became a worshipper of Gozag Ym Sagoz the Greedy
  8490 | D:6      | Reached XP level 9. HP: 44/53 MP: 18/18
  8540 | D:6      | Reached skill level 7 in Unarmed Combat
  8822 | D:6      | Reached skill level 1 in Ice Magic
  9172 | D:7      | Reached skill level 1 in Evocations
 10841 | D:7      | Engulfed by a steam dragon's steam

Levels and vault maps discovered:
D:1:      dpeg_arrival_tiny_i, layout_basic, chequers_serial_rivers_room_a
D:2:      minmay_evil_eye, layout_basic, lemuel_crystal_altar, first_ration,
          kennysheep_slug_shrine, uniq_natasha, uniq_terence
D:3:      layout_basic, nicolae_overflow_crystal_walls, serial_bayou,
          serial_bayou_crossing, serial_bayou_lagoon_a, serial_bayou_ford_a,
          serial_bayou_shore_b, kennysheep_potato, uniq_jessica
D:4:      layout_basic, grunt_temple_overflow_forces_of_nature,
          old_standard_altar, serial_shops, nicolae_shop_waterfront
D:5:      layout_basic
D:6:      lemuel_castle_with_subvaults [lemuel_castle_interior_original],
          layout_basic, minmay_temple_entry_water_ring, kb_rosetta, uniq_edmund
D:7:      layout_layer_cave
Temple:   eino_temple_rhombus

Skill      XL: |  1  2  3  4  5  6  7  8  9 |
---------------+----------------------------+-----
Poison Magic   | 1 3 |  3.0
Transmutations | 3 4 |  4.1
Spellcasting   | 3 4 6 |  6.5
Unarmed Combat | 4 5 6 7 |  7.1
Dodging        | 4 5 |  5.8
Ice Magic      | 2 |  2.5
Evocations     | 2 |  2.1
Fighting       | 2 |  2.3

Action                   |  1- 3 |  4- 6 |  7- 9 || total
-------------------------+-------+-------+-------++-------
Melee: Unarmed           |    72 |   166 |   430 ||   668
       Constrict         |    20 |    27 |    51 ||    98
       Tentacles         |     9 |    15 |    43 ||    67
       Punch             |     2 |     2 |    16 ||    20
 Cast: Spider Form       |     1 |     9 |    25 ||    35
       Ice Form          |       |       |     1 ||     1
  Use: Scroll            |       |       |     5 ||     5
       Potion            |       |       |     1 ||     1
 Stab: Sleeping          |       |     5 |     7 ||    12
       Distracted        |       |     1 |       ||     1
  Eat: Chunk             |       |    11 |    11 ||    22
       Ration            |       |       |     4 ||     4
Armor: Skin              |     7 |     9 |    11 ||    27
Dodge: Dodged            |    45 |    96 |   241 ||   382
Block: Other             |       |       |    43 ||    43

Table legend:
 A = Non-vault XP
 B = Vault XP
 C = Vault XP percentage of total XP
 D = Non-vault monster count
 E = Vault monster count
 F = Vault count percentage of total count
                 A         B        C        D         E       F
            +---------+---------+-------+---------+---------+-------
      Total |    2621 |    1009 |  27.8 |     121 |      64 |  34.6
            +---------+---------+-------+---------+---------+-------
        D:1 |      57 |       0 |   0.0 |      26 |       0 |   0.0
        D:2 |     221 |     106 |  32.4 |      16 |       7 |  30.4
        D:3 |      56 |      43 |  43.4 |      18 |       4 |  18.2
        D:4 |     363 |       0 |   0.0 |      18 |       0 |   0.0
        D:5 |     473 |      27 |   5.4 |      18 |       2 |  10.0
        D:6 |     481 |     833 |  63.4 |       8 |      51 |  86.4
        D:7 |     970 |       0 |   0.0 |      17 |       0 |   0.0
            +---------+---------+-------+---------+---------+-------
